 Dungeon Crawl Stone Soup version 0.26-a0-690-gcb57259078 (webtiles) character file.

Game seed: 13367213678027883894

11641 RaHiT the Fighter (level 11, -4/87 HPs)
             Began as a Demonspawn Chaos Knight on Oct 23, 2020.
             Was a Plaything of Xom.
             Slain by a deep elf archer
             ... wielding a +0 dagger
              (15 damage)
             ... on level 10 of the Dungeon on Oct 24, 2020.
             The game lasted 01:35:27 (14306 turns).

RaHiT the Fighter (Demonspawn Chaos Knight)        Turns: 14306, Time: 01:35:27

Health: -4/87      AC:  8    Str: 17    XL:     11   Next: 52%
Magic:  18/18      EV: 17    Int: 23    God:    Xom [......]
Gold:   560        SH:  0    Dex: 17    Spells: 11/19 levels left

rFire    + . .     SeeInvis .   D - +1 flail "Kuebiggy" {chaos, Int+2 Dex+5 Stlth-}
rCold    + . .     Faith    .   m - +0 buckler
rNeg     . . .     Spirit   .   a - +0 scale mail of Sloth {rF+ MR+ Int+2}
rPois    +         Reflect  .   (helmet restricted)
rElec    .         Harm     .   j - +0 cloak
rCorr    .         Rampage  .   (no gloves)
MR       +++..                  (boots unavailable)
Stlth    ..........             (no amulet)
HPRegen  0.24/turn              f - +4 ring of evasion
MPRegen  0.16/turn              y - ring of wizardry

@: confused, very slightly contaminated, invisible
A: hooves 3, horns 2, clever 1, cold resistance 1, foul stench 1, magic
resistance 2, poison resistance, powered by death 1, strong 2, rot immunity
a: Renounce Religion


You were on level 10 of the Dungeon.
You worshipped Xom.
You were a very special plaything of Xom.
You visited 1 branch of the dungeon, and saw 10 of its levels.

You collected 748 gold pieces.
You spent 188 gold pieces at shops.

Inventory:

Hand Weapons
 b - the +2 hunting sling "Fenukoqi" {freeze, MR+}
   (You bought it in a shop on level 5 of the Dungeon)

   It causes projectiles fired from it to freeze those they strike, causing
   extra injury to most foes and up to half again as much damage against
   particularly susceptible opponents.
   They can also slow down cold-blooded creatures.
   It affects your resistance to hostile enchantments.
 D - the +1 flail "Kuebiggy" (weapon) {chaos, Int+2 Dex+5 Stlth-}
   (Xom gifted it to you on level 7 of the Dungeon)

   Each time it hits an enemy it has a different, random effect.
   It affects your intelligence (+2).
   It affects your dexterity (+5).
   It makes you less stealthy.
Missiles
 g - 310 arrows
 p - 47 sling bullets
 q - 256 stones
 s - 54 poisoned darts
 u - 118 bolts
 x - 14 atropa-tipped darts (quivered)
 G - 3 boomerangs
Armour
 a - the +0 scale mail of Sloth (worn) {rF+ MR+ Int+2}
   (You found it on level 10 of the Dungeon)

   It affects your intelligence (+2).
   It protects you from fire.
   It affects your resistance to hostile enchantments.
 j - a +0 cloak (worn)
 m - a +0 buckler (worn)
 C - a +2 ring mail of cold resistance
 L - a +2 robe of magic resistance
Magical Staves
 w - an uncursed staff of death
Jewellery
 f - a +4 ring of evasion (left hand)
 y - a ring of wizardry (right hand)
Wands
 B - a wand of iceblast (4)
 J - a wand of digging (3)
Scrolls
 l - 7 scrolls of amnesia
 n - 8 scrolls of remove curse
 o - 2 scrolls of blinking
 v - 4 scrolls of fog
 E - 2 scrolls of enchant armour
 F - a scroll of enchant weapon
Potions
 c - 3 potions of curing
 d - 2 potions of lignification
 h - 4 potions of heal wounds
 i - a potion of brilliance
 z - 2 potions of mutation
Miscellaneous
 A - a box of beasts (1/3)


   Skills:
 * Level 8.6 Fighting
 + Level 4.8 Throwing
 + Level 5.4 Armour
 + Level 5.2 Dodging
 + Level 4.7 Shields
 * Level 8.0 Unarmed Combat
 + Level 4.9 Spellcasting
 * Level 4.7 Hexes
 + Level 2.7 Earth Magic
 + Level 4.5 Evocations


You had 11 spell levels left.
You knew the following spells:

 Your Spells              Type           Power        Failure   Level
a - Sandblast             Erth           ###...       4%          1
b - Confusing Touch       Hex            ####....     4%          3
c - Petrify               Tmut/Erth      ##......     52%         4

Your spell library contained the following spells:

 Spells                   Type           Power        Failure   Level
 Passwall                 Tmut/Erth      ##......     11%         2
 Magic Dart               Conj           #...         12%         1
 Shock                    Conj/Air       #...         12%         1
 Dazzling Flash           Conj/Hex       ###...       13%         3
 Cause Fear               Hex            ####......   16%         4
 Searing Ray              Conj           #.....       17%         2
 Swiftness                Air            #.......     17%         2
 Stone Arrow              Conj/Erth      ##....       21%         3
 Gell's Gravitas          Tloc           #.........   32%         3
 Static Discharge         Conj/Air       #.......     32%         3
 Fulminant Prism          Conj/Hex       ###.......   38%         4
 Lee's Rapid Deconstruct  Erth           ###.......   69%         5
 Airstrike                Air            #.........   71%         4
 Iskenderun's Mystic Bla  Conj/Tloc      #.......     71%         4
 Metabolic Englaciation   Hex/Ice        ###.......   73%         5
 Silence                  Hex/Air        ###.......   73%         5
 Yara's Violent Unravell  Hex/Tmut       ###.......   73%         5
 Lightning Bolt           Conj/Air       #.........   96%         5
 Discord                  Hex            ####......   100%        8


Dungeon Overview and Level Annotations

Branches:
Dungeon (10/15)            Temple (0/1) D:6            Lair (0/6) D:9
    Orc (0/2) D:9

Altars:
Cheibriados
Elyvilon
Hepliaklqana
Kikubaaqudgha
Makhleb
Okawaru
Qazlal
Trog
Uskayaw
Xom
The Shining One

Shops:
D:5 ((((?

Annotations:
D:7 exclusion: downstairs


Innate Abilities, Weirdness & Mutations

You have hooves in place of feet.
You may emit foul miasma when damaged in melee.
You regenerate a little health from kills.
You are immune to rotting.
You have a pair of horns on your head.
Your mind is acute. (Int +2)
Your flesh is cold resistant. (rC+)
You are highly resistant to hostile enchantments. (MR++)
Your system is resistant to poisons. (rPois)
Your muscles are very strong. (Str +4)


Message History

You fade into invisibility!
The deep elf archer shoots an arrow.
The arrow hits you!
* * * LOW HITPOINT WARNING * * *
You are very lightly contaminated with residual magic.
The deep elf archer shoots an arrow.
You are confused.
You feel invigorated.
The deep elf archer unwields a +0 longbow.
The deep elf archer wields a +0 dagger.
The deep elf archer barely misses you.
The deep elf archer completely misses you.
The deep elf archer misses you.
The deep elf archer hits you with a +0 dagger.
* * * LOW HITPOINT WARNING * * *
The deep elf archer looks sick.
The deep elf archer hits you with a +0 dagger!
* * * LOW HITPOINT WARNING * * *
The deep elf archer hits you but does no damage.
The deep elf archer hits you with a +0 dagger!
You die...
Xom laughs nastily!

# #..............### #.
# #######...........
... ###### ###
###...............
.....# #.#
#.................
####.###.#
#e####'###........
#.#.#.# #.# #.#
[....... #.#.#.## ##(#
#.# ....... ##.#.#.#
#e### #.# .. ###.#.#
####@.# #.# #.#.#
#...#####.#
###)######ยง.(.#.# #
#.#..e..#####.# #
#############.....#
#####....[#[# #.#...#
## #....######.###
#.#...# #. #####...#
#.#.# #.#...# #.
..#..####
#.#.###[#...##########.


You could see a deep elf archer (fast, repels missiles, sick).

Vanquished Creatures
  An orc warlord (D:8)
  An ogre mage (D:10)
  2 two-headed ogres
  2 hydras (D:10)
  Pikel (D:9)
  A yaktaur (D:10)
  The ghost of Kinoniko the Skirmisher, an amateur OgBe of Trog (D:4)
  A troll (D:9)
  Grinder (D:3)
  Prince Ribbit (D:4)
  Edmund (D:5)
  4 orc warriors
  2 sky beasts
  A black bear (D:7)
  2 phantoms (D:6)
  4 ice beasts
  5 ogres
  4 centaurs
  3 lemures (D:9)
  A big kobold (D:10)
  10 bullfrogs
  4 scorpions
  A wyvern skeleton (D:10)
  15 killer bees
  3 wights (D:8)
  The ghost of qipq the Sneak, a weakling OpDe (D:5)
  5 howler monkeys
  A centaur zombie (D:7)
  3 bullfrog zombies
  5 jellies
  7 hounds
  2 bullfrog skeletons
  3 centaur skeletons
  7 orc priests
  4 orc wizards
  Jessica (D:3)
  Terence (D:3)
  An iguana (D:8)
  9 worker ants
  A killer bee zombie (D:8)
  A hound zombie (D:5)
  A hound skeleton (D:10)
  A worker ant zombie (D:10)
  A howler monkey zombie (D:10)
  3 gnolls (D:8)
  11 adders
  3 shadow imps
  4 white imps
  3 ufetubi (D:7)
  4 oozes
  3 adder skeletons
  3 worms
  4 leopard geckos
  35 orcs
  3 ball pythons
  3 bat skeletons (D:4)
  2 bat zombies (D:4)
  8 giant cockroaches
  9 goblins
  9 hobgoblins
  14 jackals
  A quokka (D:2)
  10 bats
  6 frilled lizards
  A giant cockroach zombie (D:5)
  A jackal zombie (D:6)
  16 kobolds
  A quokka skeleton (D:4)
  6 rats
290 creatures vanquished.

Vanquished Creatures (collateral kills)
  A gargoyle (D:10)
  A centaur (D:7)
  A big kobold (D:7)
  A killer bee (D:8)
  2 orc priests (D:7)
  A bullfrog skeleton (D:7)
  An iguana (D:8)
  An orc wizard (D:7)
  A worker ant (D:7)
  An adder (D:1)
  2 worms
  5 orcs (D:7)
18 creatures vanquished.

Vanquished Creatures (others)
  A dancing weapon (D:10)
  An iguana (D:6)
  A plant (D:8)
3 creatures vanquished.

Grand Total: 311 creatures vanquished

Notes
Turn   | Place    | Note
-------+----------+-------------------------------------------
     0 | D:1      | RaHiT the Demonspawn Chaos Knight began the quest for the
                  | Orb.
     0 | D:1      | Reached XP level 1. HP: 18/18 MP: 1/1
    68 | D:1      | Reached skill level 1 in Dodging
   340 | D:1      | Gained mutation: You have large cloven feet. [demonic
                  | ancestry]
   340 | D:1      | Reached XP level 2. HP: 24/24 MP: 2/2
   589 | D:1      | XOM: silly message
   623 | D:1      | Gained mutation: You are immune to rotting. [demonic
                  | ancestry]
   623 | D:1      | Reached XP level 3. HP: 27/29 MP: 3/3
   776 | D:1      | XOM: divination: detect items
   855 | D:1      | XOM: scenery: summon butterflies
  1111 | D:2      | XOM: god gift: 14 gold pieces
  1158 | D:1      | XOM: scenery: create altars
  1161 | D:1      | XOM: summons 3 friendly demons
  1190 | D:2      | XOM: butterfly on damage
  1360 | D:2      | XOM: 4-stop teleportation journey
  1526 | D:2      | XOM: stat loss: -1 Dex (11/12)
  1689 | D:2      | Gained mutation: You have hoof-like feet. [demonic
                  | ancestry]
  1689 | D:2      | Reached XP level 4. HP: 27/36 MP: 5/5
  1873 | D:3      | Noticed Grinder
  2123 | D:3      | Reached skill level 1 in Spellcasting
  2124 | D:3      | Reached skill level 1 in Throwing
  2201 | D:3      | Noticed Jessica
  2213 | D:3      | Killed Jessica
  2213 | D:3      | Reached XP level 5. HP: 42/42 MP: 6/6
  2237 | D:3      | XOM: 1-stop teleportation journey
  2333 | D:3      | Noticed Terence
  2350 | D:3      | Killed Terence
  2480 | D:3      | XOM: silly message
  2610 | D:3      | XOM: silly message
  2612 | D:3      | XOM: potion effect (invisibility)
  2619 | D:3      | Paralysed by Grinder for 4 turns
  2622 | D:3      | XOM: potion effect (might)
  2623 | D:3      | XOM: noise
  2626 | D:3      | Paralysed by Grinder for 4 turns
  2630 | D:3      | Killed Grinder
  2630 | D:3      | Reached skill level 1 in Shields
  2630 | D:3      | Gained mutation: You have hooves in place of feet. [demonic
                  | ancestry]
  2630 | D:3      | Reached XP level 6. HP: 49/49 MP: 6/8
  2988 | D:4      | XOM: potion effect (stabbing)
  3054 | D:3      | XOM: divination: magic mapping
  3151 | D:4      | Found a runed translucent door.
  3153 | D:4      | Noticed Kinoniko's ghost (amateur OgBe)
  3186 | D:4      | XOM is BORED!
  3186 | D:4      | XOM: 3-stop teleportation journey
  3195 | D:4      | XOM: enchant monster (good)
  3232 | D:4      | XOM: potion effect (haste)
  3240 | D:4      | Reached XP level 7. HP: 41/55 MP: 9/9
  3518 | D:4      | Found an ancient bone altar of Kikubaaqudgha.
  3586 | D:4      | XOM: cloud trail
  3679 | D:4      | Found a white marble altar of Elyvilon.
  3842 | D:4      | Reached skill level 5 in Fighting
  3892 | D:5      | Entered Level 5 of the Dungeon
  3892 | D:5      | Found Gutow's Weapon Boutique.
  3919 | D:5      | Found Zawofy's Weapon Emporium.
  3924 | D:5      | Noticed Prince Ribbit
  4019 | D:5      | Found a burning altar of Makhleb.
  4027 | D:5      | XOM: butterfly on damage
  4045 | D:4      | XOM: confuse monster(s)
  4110 | D:4      | XOM: god gift: thin runed staff {god gift}
  4201 | D:4      | XOM: god gift: leather armour {god gift}
  4293 | D:5      | Gained mutation: You regenerate a little health from kills.
                  | [demonic ancestry]
  4293 | D:5      | Reached XP level 8. HP: 48/62 MP: 11/11
  4316 | D:5      | XOM: give mutations
  4316 | D:5      | Gained mutation: You have a pair of small horns on your
                  | head. [Xom's grace]
  4316 | D:5      | Gained mutation: Your flesh is cold resistant. (rC+) [Xom's
                  | grace]
  4316 | D:5      | Gained mutation: You have a pair of horns on your head.
                  | [Xom's grace]
  4373 | D:5      | Reached skill level 5 in Unarmed Combat
  4438 | D:5      | XOM: potion effect (curing)
  4448 | D:5      | XOM: smoke on damage
  4454 | D:4      | HP: 3/63 [Prince Ribbit (14)]
  4481 | D:4      | Killed Prince Ribbit
  4601 | D:4      | XOM: god gift: plate armour {god gift}
  4816 | D:5      | Found Fateolix's Magic Scroll Shoppe.
  4833 | D:5      | Found Fiyt's Antique Weapon Shop.
  4952 | D:5      | XOM: give mutation
  4952 | D:5      | Gained mutation: You have a pair of large horns on your
                  | head. [Xom's grace]
  4964 | D:5      | Found a runed translucent gate.
  4964 | D:5      | Found a runed translucent gate.
  4964 | D:5      | Found a runed translucent gate.
  4971 | D:5      | Noticed qipq's ghost (weakling OpDe)
  4990 | D:5      | Killed qipq's ghost
  5066 | D:5      | XOM: enchant monster (good)
  5151 | D:4      | Reached skill level 1 in Evocations
  5152 | D:4      | XOM: confuse monster(s)
  5174 | D:4      | XOM: fake destruction
  5185 | D:4      | Killed Kinoniko's ghost
  5316 | D:5      | Found Memil's Antique Weapon Boutique.
  5327 | D:5      | Bought a translucent hunting sling for 188 gold pieces
  5327 | D:5      | Identified the +2 hunting sling "Fenukoqi" {freeze, MR+}
                  | (You bought it in a shop on level 5 of the Dungeon)
  5346 | D:5      | Found a bloodstained altar of Trog.
  5388 | D:6      | Found an iron altar of Okawaru.
  5388 | D:6      | Noticed Edmund
  5399 | D:5      | Killed Edmund
  5487 | D:6      | Reached XP level 9. HP: 68/69 MP: 13/13
  5487 | D:6      | XOM: divine lightning
  5827 | D:6      | XOM: cast spell 'Summon Ice Beast'
  5830 | D:6      | XOM: god gift: scroll of amnesia
  5973 | D:6      | XOM: god gift: box of beasts (3/3)
  6315 | D:6      | XOM: cleaving
  6380 | D:6      | You fall into a shaft and drop 1 floor!
  6575 | D:7      | XOM: god gift: transparent flail {god gift}
  6583 | D:7      | Got a transparent flail {god gift}
  6639 | D:7      | XOM: polymorph ogre -> big kobold
  6640 | D:7      | XOM: scenery: create altars
  6642 | D:7      | XOM: summons friendly crimson imp
  6660 | D:7      | XOM: enchant monster (good)
  6717 | D:7      | Found a snail-covered altar of Cheibriados.
  6795 | D:7      | Learned a level 1 spell: Sandblast
  6841 | D:7      | XOM: torment (37/71 hp)
  7500 | D:6      | Found a staircase to the Ecumenical Temple.
  7581 | D:6      | XOM: give mutations
  7581 | D:6      | Gained mutation: Your mind is acute. (Int +2) [Xom's grace]
  7581 | D:6      | Gained mutation: You are robust. (+10% HP) [Xom's grace]
  7581 | D:6      | Gained mutation: Your muscles are strong. (Str +2) [Xom's
                  | grace]
  7581 | D:6      | Gained mutation: You are agile. (Dex +2) [Xom's grace]
  7659 | D:6      | Learned a level 3 spell: Confusing Touch
  7667 | D:6      | XOM: scenery: summon butterflies
  7906 | D:8      | Reached skill level 1 in Hexes
  8123 | D:8      | XOM: scenery: summon butterflies
  8285 | D:8      | XOM: cleaving
  8287 | D:8      | Noticed a two-headed ogre
  8295 | D:8      | XOM: enchant monster (good)
  8299 | D:8      | XOM: polymorph killer bee -> adder
  8466 | D:8      | XOM is BORED!
  8673 | D:8      | XOM: scenery: create altars
  8704 | D:8      | Reached skill level 1 in Earth Magic
  8704 | D:8      | Reached XP level 10. HP: 58/86 MP: 15/15
  8712 | D:8      | XOM: give mutations
  8712 | D:8      | Gained mutation: You possess an exceptional clarity of
                  | mind. [Xom's grace]
  8712 | D:8      | Gained mutation: You are resistant to hostile enchantments.
                  | (MR+) [Xom's grace]
  8712 | D:8      | Gained mutation: Your system is resistant to poisons.
                  | (rPois) [Xom's grace]
  8804 | D:8      | Found a hide-covered altar of Uskayaw.
  9035 | D:8      | XOM: noise
  9042 | D:8      | Killed a two-headed ogre
  9206 | D:8      | XOM: confuse monster(s)
  9297 | D:8      | Found a glowing golden altar of the Shining One.
  9611 | D:8      | Found a stormy altar of Qazlal.
  9617 | D:8      | Identified the +1 flail "Kuebiggy" {chaos, Int+2 Dex+5
                  | Stlth-} (Xom gifted it to you on level 7 of the Dungeon)
  9620 | D:8      | Upgraded the game from 0.26-a0-689-gc93c913f66 to
                  | 0.26-a0-690-gcb57259078
  9729 | D:9      | XOM: stat loss: -1 Int (18/19)
  9759 | D:9      | Found a staircase to the Lair.
 10020 | D:9      | Noticed Pikel
 10022 | D:9      | XOM: summons 5 hostile demons
 10037 | D:9      | XOM: stat loss: -1 Str (14/15)
 10039 | D:9      | Killed Pikel
 10331 | D:9      | Learned a level 4 spell: Petrify
 10346 | D:9      | Found a staircase to the Orcish Mines.
 10371 | D:9      | Reached skill level 5 in Armour
 10768 | D:9      | Found a hazy altar of Hepliaklqana.
 10988 | D:10     | Entered Level 10 of the Dungeon
 11081 | D:10     | Identified the cursed +0 scimitar "Pazxedd" {protect, MR+
                  | Str+3 Int-5}
 11177 | D:10     | Noticed a two-headed ogre
 11192 | D:10     | XOM: enchant monster (good)
 11215 | D:10     | Killed a two-headed ogre
 11234 | D:10     | XOM: 2-stop teleportation journey
 11240 | D:10     | XOM: fog
 11264 | D:10     | XOM: give mutations
 11264 | D:10     | Gained mutation: Your muscles are very strong. (Str +4)
                  | [Xom's grace]
 11264 | D:10     | Gained mutation: You are highly resistant to hostile
                  | enchantments. (MR++) [Xom's grace]
 11339 | D:10     | XOM: torment (40/88 hp)
 11650 | D:10     | Gained mutation: You may emit foul miasma when damaged in
                  | melee. [demonic ancestry]
 11650 | D:10     | Reached XP level 11. HP: 70/94 MP: 17/17
 11654 | D:10     | XOM: chaos cloud
 11667 | D:10     | XOM: give mutations
 11667 | D:10     | Lost mutation: You are agile. (Dex +2) [Xom's mischief]
 11667 | D:10     | Lost mutation: You have a pair of large horns on your head.
                  | [Xom's mischief]
 11667 | D:10     | Lost mutation: You possess an exceptional clarity of mind.
                  | [Xom's mischief]
 11667 | D:10     | Lost mutation: You are robust. (+10% HP) [Xom's mischief]
 11677 | D:10     | XOM: 1-stop teleportation journey
 11752 | D:10     | XOM: smoke on damage
 11752 | D:10     | XOM: torment (44/86 hp)
 11946 | D:10     | Noticed an ogre mage
 11962 | D:10     | Killed an ogre mage
 11983 | D:10     | Got a sheer robe
 11994 | D:10     | Identified the +1 robe "Qangoy" {Dex+2} (You found it on
                  | level 10 of the Dungeon)
 12059 | D:10     | Noticed an eight-headed hydra
 12069 | D:10     | XOM: divination: detect creatures
 12102 | D:10     | XOM: cast spell 'Summon Mana Viper'
 12113 | D:10     | XOM: noise
 12115 | D:10     | XOM: summons friendly quasit
 12122 | D:10     | Killed an eight-headed hydra
 12122 | D:10     | Reached skill level 5 in Dodging
 12561 | D:10     | Noticed a five-headed hydra
 12576 | D:10     | XOM: confuse monster(s)
 12578 | D:10     | XOM: confuse monster(s)
 12586 | D:10     | Killed a five-headed hydra
 13010 | D:10     | XOM: enchant monster (good)
 13011 | D:10     | Noticed an orc warlord
 13031 | D:10     | XOM: divination: detect creatures
 13049 | D:9      | XOM: blink monster(s)
 13266 | D:9      | XOM: noise
 13271 | D:9      | XOM: butterfly on damage
 13584 | D:8      | XOM: silly message
 13584 | D:8      | XOM: butterfly on damage
 13585 | D:8      | XOM: cast spell 'Statue Form'
 13593 | D:8      | Killed an orc warlord
 14183 | D:10     | Got a scorched scale mail
 14194 | D:10     | Identified the cursed +0 scale mail of Sloth {rF+ MR+
                  | Int+2} (You found it on level 10 of the Dungeon)
 14269 | D:10     | Noticed a deep elf archer
 14275 | D:10     | XOM: divination: detect creatures
 14285 | D:10     | XOM: swap monsters
 14298 | D:10     | HP: 3/87 [deep elf archer/arrow (11)]
 14306 | D:10     | Slain by a deep elf archer

Illustrated notes

Levels and vault maps discovered:
D:1:      dpeg_arrival_yet_another_circle, layout_loops_ring, st_stairs_14,
          chequers_serial_rivers_room_a
D:2:      layout_rooms
D:3:      layout_basic, uniq_jessica, uniq_terence, uniq_grinder
D:4:      layout_basic, elyvilon_altar_1, kennysheep_vampire_church,
          ebering_ghost_sewer_d, kennysheep_generic_room_13
D:5:      layout_gridville, old_standard_altar, lightli_temple_of_fire,
          gammafunk_ghost_necromancy, serial_shops,
          nicolae_shop_temple_entry_statues_fountains, shop, shop,
          nicolae_shop_stone, shop, moated_statue, uniq_prince_ribbit1
D:6:      layout_basic, okawaru_metal_pillars_1_2, minmay_temple_entry_poolview,
          uniq_edmund
D:7:      layout_rooms, slow_altar_1
D:8:      minmay_chambers_of_fours, layout_basic,
          nicolae_overflow_hidden_temple, tso_oasis_becter, lemuel_round_altar,
          chequers_serial_rivers_large_a
D:9:      layout_small_grid, kennysheep_mini, lair_entry_dummy, erik_orc_3,
          uniq_pikel
D:10:     minmay_chopped_fan, layout_basic

Skill      XL: |  1  2  3  4  5  6  7  8  9 10 11 |
---------------+----------------------------------+-----
Dodging        | 1 2 3 4 5 |  5.2
Unarmed Combat | 3 4 5 6 7 8 |  8.0
Armour         | 2 3 4 5 |  5.4
Spellcasting   | 1 2 3 4 |  4.9
Throwing       | 1 2 3 4 |  4.8
Fighting       | 4 5 6 7 8 |  8.6
Shields        | 1 2 3 4 |  4.7
Evocations     | 1 2 3 4 |  4.5
Hexes          | 1 3 4 |  4.7
Earth Magic    | 1 2 |  2.7

Action                   |  1- 3 |  4- 6 |  7- 9 | 10-12 || total
-------------------------+-------+-------+-------+-------++-------
Melee: Unarmed           |   114 |       |   267 |    93 ||   474
       Kick              |    33 |     1 |    66 |   134 ||   234
       Hunting sling     |    42 |    14 |     1 |       ||    57
       Punch             |     1 |       |       |       ||     1
       Headbutt          |       |       |    27 |    72 ||    99
       Flail             |       |       |       |   247 ||   247
 Fire: Hunting sling     |    30 |   163 |   191 |    11 ||   395
Throw: Stone             |    31 |       |       |       ||    31
       Dart              |       |    57 |    75 |    43 ||   175
       Boomerang         |       |       |    58 |    11 ||    69
 Cast: Sandblast         |       |       |    10 |     5 ||    15
       Confusing Touch   |       |       |       |     6 ||     6
Evoke: Box of beasts     |       |       |     2 |     2 ||     4
  Use: Scroll            |     5 |     2 |     9 |     6 ||    22
       Potion            |       |     1 |     3 |     3 ||     7
 Stab: Confused          |       |       |       |     3 ||     3
       Petrified         |       |       |       |     9 ||     9
       Sleeping          |       |       |       |     3 ||     3
       Distracted        |       |       |       |     1 ||     1
       Petrifying        |       |       |       |     1 ||     1
       Paralysed         |       |       |       |     1 ||     1
Armor: Leather armour    |    29 |    41 |   102 |    59 ||   231
       Skin              |       |    33 |       |     1 ||    34
       Robe              |       |       |       |     6 ||     6
       Scale mail        |       |       |       |     1 ||     1
Dodge: Dodged            |   137 |   129 |   378 |   342 ||   986
Block: Buckler           |     8 |    36 |    95 |   109 ||   248

Table legend: (Time is in decaauts)
 A = Elapsed time spent in this place.
 B = Non-inter-level travel time spent in this place.
 C = Inter-level travel time spent in this place.
 D = Time resting spent in this place.
 E = Time spent auto-exploring this place.
 F = Levels seen in this place.
 G = Mean time per level.
                   A        B        C        D        E       F      G
               +--------+--------+--------+--------+--------+-----+--------+
         Total |  14431 |  13687 |    744 |   3565 |   2070 |  10 | 1443.1 |
       Dungeon |  14431 |  13687 |    744 |   3565 |   2070 |  10 | 1443.1 |
               +--------+--------+--------+--------+--------+-----+--------+

Top non-repeatable levels by time:
     D:8: 2699 daAuts
    D:10: 2481 daAuts
     D:4: 1474 daAuts
     D:9: 1453 daAuts
     D:6: 1376 daAuts
     D:3: 1238 daAuts
     D:1: 1212 daAuts
     D:7: 919 daAuts
     D:5: 847 daAuts
     D:2: 728 daAuts
